 Dungeon Crawl Stone Soup version 0.31-a0-344-gd109795599 (webtiles) character file.

Game seed: 9869552064422625006

355 garrulousMonolith the Trooper (level 6, -7/43 HPs)
             Began as an Octopode Fighter on July 21, 2023.
             Was a Follower of Dithmenos.
             Mangled by an ogre
             ... wielding a +0 giant club
              (19 damage)
             ... on level 5 of the Dungeon.
             The game lasted 00:03:20 (3896 turns).

garrulousMonolith the Trooper (Octopode Fighter)    Turns: 3896, Time: 00:03:21

Health: -7/43      AC:  1    Str: 16    XL:     6   Next: 63%
Magic:  7/7        EV: 13    Int: 10    God:    Dithmenos [*.....]
Gold:   232        SH:  5    Dex: 13    Spells: 5/5 levels left

rFire   . . .        d - +1 dagger (venom)
rCold   . . .        a - +0 buckler
rNeg    . . .        (helmet restricted)
rPois   .            (no amulet)
rElec   .            (no ring)
rCorr   .            (no ring)
SInv    .            (no ring)
Will    .....        (no ring)
Stlth   ++++         (no ring)
HPRegen 0.27/turn    (no ring)
MPRegen 0.10/turn    (no ring)
                     (no ring)

%: no passive effects
@: wreathed by umbra
A: almost no armour, amphibious, 8 rings, camouflage 1, gelatinous body 1,
(nimble swimmer 1), tentacles
a: Renounce Religion


You were on level 5 of the Dungeon.
You worshipped Dithmenos.
Dithmenos was aware of your devotion.
You visited 1 branch of the dungeon, and saw 5 of its levels.

You collected 232 gold pieces.

Inventory:

Hand Weapons
 d - a +1 dagger of venom (weapon)
Missiles
 m - 6 poisoned darts
Armour
 a - a +0 buckler (worn)
Jewellery
 c - a ring of resist corrosion
 i - a ring of see invisible
Wands
 p - a wand of roots (3)
 v - a wand of flame (37)
Scrolls
 f - a scroll of vulnerability
 h - 3 scrolls of summoning
 j - a scroll of teleportation {unknown}
 k - a scroll of torment {unknown}
 l - 4 scrolls of fear
 n - a scroll of immolation {unknown}
 r - 2 scrolls of fog {unknown}
 u - 2 scrolls of identify
Potions
 b - a potion of might
 e - a potion of cancellation
 g - 2 potions of mutation
 o - a potion of brilliance {unknown}
 q - a potion of ambrosia
 s - a potion of resistance {unknown}
 t - a potion of degeneration {unknown}
 w - 2 potions of magic {unknown}


   Skills:
 + Level 3.8 Fighting
 + Level 3.8 Dodging
 + Level 3.0 Stealth
 + Level 3.7 Shields
 * Level 3.8 Unarmed Combat
 + Level 1.7 Invocations
 + Level 1.5 Shapeshifting


You had 5 spell levels left.
You didn't know any spells.
Your spell library contained the following spells:

 Spells                   Type           Power      Damage    Failure   Level
 Static Discharge         Conj/Air       0%         2-2/arc   58%         2
 Airstrike                Air            0%         2d(0-16)  99%         4
 Summon Lightning Spire   Summ/Air       0%         N/A       99%         4


Dungeon Overview and Level Annotations

Branches:
Dungeon (5/15)             Temple (0/1) D:4

Altars:
Dithmenos
Sif Muna
Trog
The Shining One


Innate Abilities, Weirdness & Mutations

You cannot wear most types of armour.
You are amphibious.
You can wear up to eight rings at the same time.
Your skin changes colour to match your surroundings (Stealth+).
Your rubbery body absorbs attacks. (AC +1, EV +1)
((You are camouflaged when in or above water. (Stealth+)))
You have tentacles for arms and can constrict up to eight enemies at once.


Message History

You now have 232 gold pieces (gained 15). 2 iguanas come into view.
The iguana hisses angrily.
An ogre comes into view. It is wielding a +0 giant club.
The iguana bites you!
You closely miss the iguana. You grab the iguana.
You squeeze the iguana, but do no damage.
You constrict the iguana, but do no damage.
The iguana bites you.
You are too injured to fight recklessly!
You are too injured to fight recklessly!
You are too injured to fight recklessly!
You are too injured to fight recklessly!
You are too injured to fight recklessly!
You are too injured to fight recklessly!
You are too injured to fight recklessly!
You are too injured to fight recklessly!
You are too injured to fight recklessly!
You are too injured to fight recklessly!
You are too injured to fight recklessly!
You are too injured to fight recklessly!
You are too injured to fight recklessly!
You are too injured to fight recklessly!
You are too injured to fight recklessly!
You are too injured to fight recklessly!
You are too injured to fight recklessly!
You release your grip on the iguana.
The iguana bites you!
You barely miss the ogre. You squeeze the ogre.
The ogre is lightly wounded.
The iguana bites you! The ogre completely misses you.
You hit the ogre.
The ogre is poisoned.
The ogre is moderately wounded.
The iguana bites you but does no damage.
The ogre closely misses you. You block the iguana's attack.
You hit the ogre.
The ogre is heavily wounded.
The iguana bites you!
* * * LOW HITPOINT WARNING * * *
The ogre hits you with a +0 giant club!!
You die...

......####...........##
.....##
#.............## ....#
##..............# ....
#................ ...#
#................ ...#
#...........?....# ..##
#................# ..#
................## ...#
..........@....## ...#
........Ol...## ....
............## ....
.....l......# ..
...........##
#.........## ##
#......### .#.. #######
.....


You could see an ogre (very poisoned) and 2 iguanas.

Vanquished Creatures
  A scorpion (D:4)
  3 hounds
  A sleepcap (D:5)
  Ijyb (D:4)
  An orc wizard (D:3)
  7 adders
  A worm (D:4)
  A dart slug (D:1)
  3 orcs (D:3)
  6 endoplasms
  3 giant cockroaches
  6 hobgoblins
  4 kobolds
  2 quokkas
  4 ball pythons
  4 bats (D:2)
  2 frilled lizards
  6 goblins
  5 rats (D:2)
61 creatures vanquished.

Notes
Turn   | Place    | Note
-------+----------+-------------------------------------------
     0 | D:1      | garrulousMonolith the Octopode Fighter began the quest for
                  | the Orb.
     0 | D:1      | Reached XP level 1. HP: 16/16 MP: 1/1
   188 | D:1      | Reached XP level 2. HP: 9/21 MP: 2/2
   894 | D:2      | Reached skill level 1 in Stealth
   894 | D:2      | Reached XP level 3. HP: 24/26 MP: 3/3
   924 | D:2      | Found a shadowy altar of Dithmenos.
   960 | D:2      | Became a worshipper of Dithmenos the Shadowed
  1812 | D:2      | Reached XP level 4. HP: 31/31 MP: 4/4
  2024 | D:3      | Found a glowing golden altar of the Shining One.
  2039 | D:3      | Reached * piety under Dithmenos
  2040 | D:3      | Reached skill level 1 in Invocations
  2040 | D:3      | Reached skill level 1 in Shapeshifting
  2185 | D:3      | Reached XP level 5. HP: 29/36 MP: 5/5
  2965 | D:4      | Found a bloodstained altar of Trog.
  3119 | D:4      | Found a shimmering blue altar of Sif Muna.
  3192 | D:4      | Reached XP level 6. HP: 43/43 MP: 5/7
  3235 | D:4      | Found a staircase to the Ecumenical Temple.
  3490 | D:4      | Noticed Ijyb
  3497 | D:4      | Killed Ijyb
  3653 | D:5      | Entered Level 5 of the Dungeon
  3896 | D:5      | Mangled by an ogre

Illustrated notes

Levels and vault maps discovered:
D:1:      evilmike_arrival_rings, layout_basic, serial_aquarium,
          aquarium_bridge_square [aquarium_subvault_bridge,
          aquarium_subvault_wall, aquarium_subvault_balcony,
          aquarium_subvault_balcony], aquarium_bridge_straight
          [aquarium_subvault_bridge, aquarium_subvault_balcony,
          aquarium_subvault_bridge, aquarium_subvault_wall],
          aquarium_window_fake, aquarium_window_1, aquarium_window_1,
          aquarium_window_corner, aquarium_view_2d
D:2:      layout_loops_corners, basic_altar, st_stairs_9,
          nicolae_figureground_pulse
D:3:      layout_loops_ring, mainiacjoe_overflow_tiny_flanked,
          reono_crystal_passage
D:4:      layout_loops_ring, mainiacjoe_overflow_paths, bloody_trog,
          minmay_temple_entry_ruins, amcnicky_mini_rare_corridor_liquid,
          uniq_ijyb
D:5:      layout_cave_pods, amcnicky_mini_corridor_feature

Skill      XL: |  1  2  3  4  5  6 |
---------------+-------------------+-----
Stealth        | 1 2 3 |  3.0
Unarmed Combat | 3 |  3.8
Invocations    | 1 |  1.7
Shapeshifting  | 1 |  1.5
Fighting       | |  3.8
Dodging        | |  3.8
Shields        | |  3.7

Action                     |  1- 3 |  4- 6 || total
---------------------------+-------+-------++-------
  Melee: Unarmed           |    14 |       ||    14
         Tentacles         |     9 |    18 ||    27
         Constrict         |    15 |    21 ||    36
         Punch             |     2 |     5 ||     7
         Dagger            |    51 |    74 ||   125
    Use: Scroll            |       |     7 ||     7
         Potion            |       |     1 ||     1
   Stab: Sleeping          |     6 |     4 ||    10
         Distracted        |     1 |     1 ||     2
 Armour: Skin              |     2 |     3 ||     5
  Dodge: Dodged            |    27 |    34 ||    61
  Block: Buckler           |     9 |    18 ||    27

Table legend: (Time is in decaauts)
 A = Elapsed time spent in this place.
 B = Non-inter-level travel time spent in this place.
 C = Inter-level travel time spent in this place.
 D = Time resting spent in this place.
 E = Time spent auto-exploring this place.
 F = Levels seen in this place.
 G = Mean time per level.
                   A        B        C        D        E       F      G
               +--------+--------+--------+--------+--------+-----+--------+
         Total |   3901 |   3700 |    201 |    479 |   2754 |   5 |  780.2 |
       Dungeon |   3901 |   3700 |    201 |    479 |   2754 |   5 |  780.2 |
               +--------+--------+--------+--------+--------+-----+--------+

Top non-repeatable levels by time:
     D:2: 1070 daAuts
     D:3: 1055 daAuts
     D:1: 831 daAuts
     D:4: 767 daAuts
     D:5: 176 daAuts
